 Dungeon Crawl Stone Soup version 0.28-a0-1567-g1695149f81 (webtiles) character file.

Game seed: 11094967109332174234

189200 flotson the Fighter (level 17, 0/139 HPs)
             Began as a Demonspawn Gladiator on Jan 19, 2022.
             Was an Initiate of Gozag.
             Killed from afar by a hellion (28 damage)
             ... with damnation
             ... summoned by a deep elf demonologist
             ... on level 3 of the Elven Halls on Jan 20, 2022.
             The game lasted 01:43:32 (42513 turns).

flotson the Fighter (Demonspawn Gladiator)         Turns: 42513, Time: 01:43:33

Health: 0/139      AC: 33    Str: 32    XL:     17   Next: 93%
Magic:  0/17       EV: 12    Int:  9    God:    Gozag
Gold:   2395       SH: 38    Dex: 21    Spells: 16/16 levels left

rFire   + . .      SeeInvis +   a - +7 broad axe (vamp)
rCold   . . .      Faith    .   Y - +18 shield of the Gong {rElec rN+ Will+ EV-5}
rNeg    + + +      Spirit   +   X - +8 chain mail of Ornamental Freedom {rN++}
rPois   .          Reflect  .   (helmet unavailable)
rElec   +          Harm     .   n - +2 cloak of the Thief {*Fog Slay-2 SInv Stlth+}
rCorr   .          Rampage  +   W - +1 pair of gloves {Str+3}
Will    ++...                   g - +1 pair of boots {rampage}
Stlth   ..........              Z - brooch of Shielding {Spirit SH+8}
HPRegen 0.33/turn               o - +6 ring of strength
MPRegen 0.30/turn               M - +6 ring of dexterity

@: no status effects
A: horns 3, molten scales 3, magic shield, magic regeneration, demonic magic 2
a: Renounce Religion, Potion Petition, Call Merchant, Bribe Branch


You were on level 3 of the Elven Halls.
You worshipped Gozag.
Gozag was most pleased with you.
You visited 5 branches of the dungeon, and saw 27 of its levels.
You visited the Abyss 2 times.
You also visited: Bailey, Gauntlet and Ice Cave.

You collected 11435 gold pieces.
You spent 5464 gold pieces at shops.
You paid 3576 gold pieces to Gozag.

Inventory:

Hand Weapons
 a - a +7 vampiric broad axe (weapon)
 b - the +10 hunting sling "Lanigg" {vorpal, rPois rC+ Int-3 Dex+4}
   (You found it on level 4 of the Dungeon)

   Any ammunition fired from it inflicts extra damage upon your enemies.
   Int:       It affects your intelligence (-3).
   Dex:       It affects your dexterity (+4).
   rC:        It protects you from cold.
   rPois:     It protects you from poison.
Missiles
 d - 5 throwing nets
 j - 7 silver javelins
 l - 8 atropa-tipped darts
 u - 84 stones
 y - 42 sling bullets
 z - 4 datura-tipped darts
 J - 3 curare-tipped darts (quivered)
Armour
 g - a +1 pair of boots of rampaging (worn)
 n - the +2 cloak of the Thief (worn) {*Fog Slay-2 SInv Stlth+}
   (You bought it in a shop on level 12 of the Dungeon)

   It may release a thick cloud of smoke when the wearer is hurt.
   Slay:      It affects your accuracy & damage with ranged weapons and melee
   (-2).
   SInv:      It lets you see invisible.
   Stlth:     It makes you more stealthy.
 W - a +1 pair of gloves of strength (worn)
 X - the +8 chain mail of Ornamental Freedom (worn) {rN++}
   (You acquired it on level 10 of the Dungeon)

   rN:        It greatly protects you from negative energy.
 Y - the +18 shield of the Gong (worn) {rElec rN+ Will+ EV-5}
   (You bought it in a shop on level 12 of the Dungeon)

   It is deafeningly noisy when blocking attacks.
   EV:        It affects your evasion (-5).
   rElec:     It insulates you from electricity.
   rN:        It protects you from negative energy.
   Will:      It increases your willpower.
Jewellery
 o - a +6 ring of strength (left hand)
 K - the ring of Bodily Harmony {rCorr Stlth+}
   (You took it off a centaur on level 8 of the Dungeon)

   [ring of resist corrosion]

   rCorr:     It protects you from acid and corrosion.
   Stlth:     It makes you more stealthy.
 M - a +6 ring of dexterity (right hand)
 Z - the brooch of Shielding (around neck) {Spirit SH+8}
   (You found it on level 6 of the Lair of Beasts)

   [amulet of guardian spirit]

   It causes incoming damage to be divided between your reserves of health and
   magic.
   SH:        It affects your SH (+8).
Wands
 C - a wand of digging (9)
 E - a wand of paralysis (12)
 H - a wand of charming (13)
 I - a wand of acid (1)
 O - a wand of iceblast (23)
 U - a wand of mindburst (7)
Scrolls
 e - 8 scrolls of fog
 i - 3 scrolls of summoning
 v - a scroll of silence
 w - a scroll of torment
 A - a scroll of holy word
 B - 8 scrolls of fear
 G - 6 scrolls of magic mapping
 R - 4 scrolls of vulnerability
 T - 3 scrolls of immolation
 V - a scroll of enchant armour
Potions
 f - 5 potions of lignification
 h - 3 potions of cancellation
 k - a potion of invisibility
 q - 9 potions of curing
 r - 4 potions of haste
 s - 6 potions of flight
 x - 2 potions of ambrosia
 D - 6 potions of attraction
 L - 4 potions of resistance
 P - 2 potions of might
 S - 5 potions of mutation
Miscellaneous
 Q - a lightning rod (4/4)


   Skills:
 + Level 14.1 Fighting
 + Level 9.1 Axes
 - Level 9.8 Staves
 - Level 11.8(12.0) Slings
 - Level 2.8(8.1) Throwing
 + Level 13.0 Armour
 + Level 13.2 Dodging
 + Level 8.5 Shields
 - Level 10.8 Evocations


You had 16 spell levels left.
You didn't know any spells.
Your spell library contained the following spells:

 Spells                   Type           Power      Damage    Failure   Level
 Beastly Appendage        Tmut           0%         N/A       97%         1
 Foxfire                  Conj/Fire      0%         2x1d4     97%         1
 Freeze                   Ice            0%         1d3       97%         1
 Magic Dart               Conj           0%         1d3       97%         1
 Sandblast                Erth           0%         2d4       97%         1
 Blink                    Tloc           0%         N/A       99%         2
 Call Imp                 Summ           0%         N/A       99%         2
 Ensorcelled Hibernation  Hex/Ice        0%         N/A       99%         2
 Passwall                 Tmut/Erth      0%         N/A       99%         2
 Wereblood                Tmut           0%         N/A       99%         2
 Conjure Flame            Conj/Fire      0%         6-21      100%        3
 Frozen Ramparts          Ice            0%         1d2       100%        3
 Inner Flame              Hex/Fire       0%         N/A       100%        3
 Lesser Beckoning         Tloc           0%         N/A       100%        3
 Mephitic Cloud           Conj/Pois/Air  0%         N/A       100%        3
 Ozocubu's Armour         Ice            0%         N/A       100%        3
 Spider Form              Tmut/Pois      0%         N/A       100%        3
 Stone Arrow              Conj/Erth      0%         3d7       100%        3
 Swiftness                Air            0%         N/A       100%        3
 Tukima's Dance           Hex            0%         N/A       100%        3
 Airstrike                Air            0%         N/A       100%        4
 Animate Dead             Necr           0%         N/A       100%        4
 Flame Wave               Conj/Fire      0%         2d4       100%        4
 Fulminant Prism          Conj/Hex       0%         3d6       100%        4
 Hailstorm                Conj/Ice       0%         3d3       100%        4
 Iskenderun's Mystic Bla  Conj/Tloc      0%         2d3       100%        4
 Passage of Golubria      Tloc           0%         N/A       100%        4
 Summon Lightning Spire   Summ/Air       0%         N/A       100%        4
 Borgnjor's Vile Clutch   Necr/Erth      0%         N/A       100%        5
 Lee's Rapid Deconstruct  Erth           0%         3d5*      100%        5
 Lightning Bolt           Conj/Air       0%         1d11      100%        5
 Manifold Assault         Tloc           0%         N/A       100%        5
 Summon Forest            Summ/Tloc      0%         N/A       100%        5
 Yara's Violent Unravell  Hex/Tmut       0%         3d3       100%        5
 Death Channel            Necr           0%         N/A       100%        6
 Eringya's Noxious Bog    Tmut/Pois      0%         N/A       100%        6
 Ozocubu's Refrigeration  Ice            0%         4d5       100%        7
 Storm Form               Tmut/Air       0%         N/A       100%        7
 Summon Hydra             Summ           0%         N/A       100%        7
 Maxwell's Capacitive Co  Air            0%         ∞         100%        8


Dungeon Overview and Level Annotations

Branches:
Dungeon (15/15)            Temple (1/1) D:4            Lair (6/6) D:11
  Swamp (0/4) Lair:3        Snake (0/4) Lair:3        Slime (0/5) Lair:6
    Orc (2/2) D:12            Elf (3/3) Orc:2        Vaults (0/5) D:13
 Depths (0/4) D:15         Bailey (visited)           IceCv (visited)
Gauntlet (visited)

Altars:
Dithmenos
Fedhas
Gozag
Hepliaklqana
Makhleb
Qazlal
Sif Muna
Trog
Xom
Yredelemnul
Zin

Shops:
D:1 (   D:9 [   D:12 *[*[   D:15 ?   Orc:2 [=:(:   Elf:3 ?


Innate Abilities, Weirdness & Mutations

You have a pair of large horns on your head.
You are completely covered in molten scales. (AC +4, rF+)
When hurt, damage is shared between your health and your magic reserves.
You regenerate magic rapidly.
Spells you cast may paralyse nearby enemies.


Message History

The deep elf demonologist hits you but does no damage.
Unknown command.
You slash the deep elf demonologist! You headbutt the deep elf demonologist!
You kill the deep elf demonologist!
The rust devil disappears in a puff of smoke!
The ice devil disappears in a puff of smoke!
The Brimstone Fiend disappears in a puff of smoke!
You slash the deep elf high priest!
You feel better.
The deep elf demonologist gestures wildly while chanting.
You block the deep elf high priest's attack.
GONNNNG!
The ice devil disappears in a puff of smoke!
The deep elf high priest mumbles some strange prayers to its god against you.
Something smites you!
The deep elf demonologist mumbles some strange words.
Items here: $ ) = [.
Okay, then.
Unknown command.
The deep elf demonologist shouts!
The deep elf high priest is distracted by your dazzling golden aura.
You block the deep elf demonologist's attack.
GONNNNG!
You hear a shout! x3
You block the deep elf demonologist's attack.
PTOANNNG!
The deep elf demonologist is empowered by the deep elf high priest's aura!
The deep elf high priest utters a dark prayer and points at you.
You are unaffected.
The deep elf demonologist gestures wildly while chanting.
The deep elf demonologist mumbles some strange words.
The hellion gestures at you.
The sphere of damnation explodes!
The damnation engulfs you!!
* * * LOW HITPOINT WARNING * * *
The deep elf demonologist casts a spell.
You see here a +0 short sword.
You are no longer corroded.
The deep elf demonologist casts a spell.
The hellion gestures at you.
The sphere of damnation explodes!
The damnation engulfs you!!!
You die...
Your body crumbles into a pile of gold.

##+## #.e.# #...##
#...#
.....###..2######
......##..e.....####
.......#4#..4......#
.......'.....2.....#
.......###...2.....#
......## #.........#
.....## #......@..#
#...## #........<#
##'## #.........#
#.# #.........# #.#
#.........# ##)####
#####.##### #...e.#
#.# ..3..1########.#
...............#


You could see a reaper (summoned), a deep elf demonologist (empowered), a
hellion (summoned), a tormentor (summoned) and a red devil (summoned).

Vanquished Creatures
  Saint Roka (Orc:1)
  Jorgrun (D:13)
  An Ice Fiend (Elf:2)
  3 deep elf blademasters (Elf:3)
  3 deep elf master archers (Elf:3)
  Agnes (D:14)
  2 deep elf sorcerers (Elf:3)
  An orc warlord (Bailey)
  2 frost giants (IceCv)
  A deep elf elementalist (Elf:3)
  The ghost of sbbq2022 the Slicer, a journeyman HuMo of Hepliaklqana (Orc:2)
  2 deep elf demonologists (Elf:3)
  An ironbound preserver (D:13)
  Nessos (D:14)
  The ghost of Smuffin the Severer, a journeyman HOWz of Makhleb (Lair:3)
  2 deep elf annihilators
  A white draconian (IceCv)
  The ghost of Wanecan the Carver, a journeyman HuBe of Trog (Lair:5)
  Azrael (D:14)
  A minotaur (Gauntlet)
  2 dire elephants
  6 deep elf death magi (Elf:3)
  A jiangshi (Abyss:2)
  Harold (D:7)
  Josephine (D:15)
  The ghost of knot the Severer, a journeyman DsBe of Trog (Lair:4)
  2 deep elf high priests (Elf:3)
  3 boulder beetles
  16 hydras
  An ogre mage (D:15)
  A spriggan skeleton (Abyss:2)
  A catoblepas (Lair:6)
  3 centaur warriors
  4 ironbound frosthearts (IceCv)
  6 two-headed ogres
  Erica (D:8)
  5 tengu warriors
  11 death yaks
  A death knight (Abyss:2)
  Urug (Lair:3)
  4 hell hogs (Abyss:2)
  3 thrashing horrors
  6 orc high priests
  5 hell knights (D:11)
  6 deep elf knights
  Sonja (D:10)
  A wretched star (Abyss:2)
  3 skeletal warriors (D:15)
  A flayed ghost (Abyss:2)
  The ghost of enile the Thaumaturge, a novice GnWn of Nemelex Xobeh (D:7)
  A shadow demon (Abyss:2)
  3 lindwurms (Lair:6)
  4 deep elf archers
  An orange crystal statue (IceCv)
  2 necromancers (D:11)
  20 deep elf pyromancers
  20 deep elf zephyrmancers
  A wolf spider (D:15)
  A wizard (Elf:1)
  6 orc knights
  A moth of wrath (Lair:5)
  7 manticores
  3 orc sorcerers
  27 ugly things
  A salamander (D:15)
  5 oklob plants
  7 cyclopes
  3 black mambas
  18 elephants
  An ice statue (D:14)
  Joseph (D:8)
  A water nymph (shapeshifter) (Elf:2)
  5 smoke demons
  A gargoyle (D:12)
  Maggie (D:7)
  15 cane toads
  2 torpor snails
  A demonic crawler (Abyss:2)
  5 komodo dragons
  An efreet (D:13)
  Psyche (D:7)
  25 rime drakes
  A tengu conjurer (Elf:1)
  A hellwing (Abyss:2)
  A harpy zombie (Abyss:2)
  10 trolls
  A wolf spider simulacrum (Gauntlet)
  A wind drake (shapeshifter) (Elf:1)
  4 hornets
  18 polar bears
  20 blink frogs
  Prince Ribbit (D:9)
  8 dream sheep
  5 flying skulls (Abyss:2)
  6 spriggans (Lair:5)
  9 slime creatures
  3 centaur simulacra (Gauntlet)
  A shadow (D:7)
  3 water elementals
  33 yaks
  7 wraiths
  2 ynoxinuls (Abyss:2)
  4 air elementals
  8 wyverns
  6 fire elementals
  4 fire bats (Lair:5)
  4 basilisks
  Grum (D:8)
  2 vampire mosquitoes (D:11)
  7 small abominations
  A neqoxec (Abyss:2)
  2 steam dragons
  4 nagas (Lair:3)
  2 acid dragons (D:9)
  3 wargs
  13 hell hounds
  4 large abominations (Abyss:2)
  15 water moccasins
  36 orc warriors
  An ice beast (D:3)
  A sky beast (D:5)
  2 black bears
  7 ogres
  3 necrophages (D:4)
  23 wolves
  A boggart (Elf:1)
  13 centaurs
  A phantom (D:5)
  5 gnoll sergeants
  12 bullfrogs
  A wyvern zombie (D:9)
  Blork the orc (D:5)
  3 scorpions
  2 earth elementals
  A water moccasin skeleton (D:7)
  A wyvern skeleton (D:7)
  8 killer bees
  An electric eel (Lair:5)
  5 howler monkeys
  2 vampire bats (Lair:1)
  5 crimson imps
  3 centaur zombies
  A bullfrog zombie (D:5)
  10 starcursed masses (Abyss:2)
  A quasit (Abyss:2)
  A wyvern simulacrum (Gauntlet)
  9 jellies
  A human zombie (D:4)
  21 orc priests
  An iron imp (Abyss:2)
  Crazy Yiuf (D:7)
  5 bullfrog skeletons
  A centaur skeleton (D:6)
  2 iguanas (D:5)
  Jessica (D:3)
  18 orc wizards
  14 hell rats
  2 scorpion zombies (D:4)
  3 hound zombies
  2 hound skeletons (D:5)
  2 mummies (D:4)
  2 howler monkey skeletons
  2 howler monkey zombies
  9 adders
  19 gnolls
  A shadow imp (D:5)
  2 white imps
  2 ufetubi
  An adder zombie (D:4)
  3 worms
  A dart slug (D:2)
  58 orcs
  8 bats
  13 endoplasms
  4 giant cockroaches
  7 goblins
  5 hobgoblins
  4 quokkas
  6 ball pythons
  2 frilled lizards
  A jackal zombie (D:4)
  11 kobolds
  3 rats
931 creatures vanquished.

Vanquished Creatures (others)
  A deep elf annihilator (Elf:3)
  25 dancing weapons
  2 deep elf knights (Elf:2)
  A deep elf pyromancer (Elf:3)
  2 deep elf zephyrmancers (Elf:2)
  A tengu conjurer (D:15)
  2 water elementals (Elf:2)
  A sky beast (D:7)
  A white imp (Abyss:2)
  4 orcs
  A demonic plant (Abyss:2)
  37 fungi
  48 plants
  2 withered plants (D:7)
128 creatures vanquished.

Grand Total: 1059 creatures vanquished

Notes
Turn   | Place    | Note
-------+----------+-------------------------------------------
     0 | D:1      | flotson the Demonspawn Gladiator began the quest for the
                  | Orb.
     0 | D:1      | Reached XP level 1. HP: 16/16 MP: 1/1
   254 | D:1      | Gained mutation: You regenerate magic rapidly. [demonic
                  | ancestry]
   254 | D:1      | Reached XP level 2. HP: 22/22 MP: 2/2
   321 | D:1      | Found a faded altar of an unknown god.
   421 | D:1      | Found Xadej's Weapon Shoppe.
   430 | D:1      | Bought 2 atropa-tipped darts for 12 gold pieces
  1321 | D:2      | Found a blossoming altar of Fedhas.
  1474 | D:2      | Reached XP level 3. HP: 27/27 MP: 3/3
  1823 | D:3      | Noticed Jessica
  1835 | D:3      | Killed Jessica
  1836 | D:3      | Reached skill level 1 in Armour
  1836 | D:3      | Reached skill level 1 in Shields
  1943 | D:3      | Reached XP level 4. HP: 18/34 MP: 4/4
  2291 | D:3      | Noticed an ice beast
  2513 | D:4      | Noticed a necrophage
  2525 | D:4      | Killed a necrophage
  2526 | D:4      | Gained mutation: You have a pair of small horns on your
                  | head. [demonic ancestry]
  2526 | D:4      | Reached XP level 5. HP: 35/40 MP: 5/5
  2617 | D:4      | Reached skill level 3 in Fighting
  2618 | D:4      | Noticed an ogre
  2885 | D:4      | Killed an ogre
  2886 | D:4      | Gained mutation: When hurt, damage is shared between your
                  | health and your magic reserves. [demonic ancestry]
  2886 | D:4      | Reached XP level 6. HP: 47/47 MP: 6/6
  2960 | D:4      | Found a staircase to the Ecumenical Temple.
  2962 | D:4      | Identified the +10 hunting sling "Lanigg" {vorpal, rPois
                  | rC+ Int-3 Dex+4}
  3235 | Temple   | Entered the Ecumenical Temple
  3244 | Temple   | Became a worshipper of Gozag Ym Sagoz the Greedy
  3465 | D:4      | Found a basalt altar of Yredelemnul.
  3495 | D:4      | Reached skill level 1 in Slings
  3526 | D:4      | Reached XP level 7. HP: 50/53 MP: 5/7
  3695 | D:3      | Reached skill level 4 in Fighting
  3724 | D:5      | Entered Level 5 of the Dungeon
  3899 | D:5      | Gained mutation: You are partially covered in molten
                  | scales. (AC +2) [demonic ancestry]
  3899 | D:5      | Reached XP level 8. HP: 60/60 MP: 8/8
  3919 | D:5      | Found a shimmering altar of Xom.
  3930 | D:5      | Found the +7 staff of the Meek {protect, meekguard}
  4123 | D:5      | Noticed Blork the orc
  4131 | D:5      | Killed Blork the orc
  4469 | D:5      | Reached skill level 1 in Staves
  4935 | D:6      | Reached skill level 5 in Fighting
  4935 | D:6      | Reached skill level 5 in Dodging
  4989 | D:6      | Found a shimmering blue altar of Sif Muna.
  5338 | D:7      | Reached XP level 9. HP: 68/68 MP: 9/9
  5686 | D:7      | Reached skill level 1 in Evocations
  5789 | D:7      | Noticed Maggie
  5796 | D:7      | Killed Maggie
  6045 | D:7      | Found a runed translucent door.
  6046 | D:7      | Noticed Crazy Yiuf
  6052 | D:7      | Killed Crazy Yiuf
  6117 | D:7      | Reached skill level 6 in Fighting
  6117 | D:7      | Reached skill level 5 in Armour
  6260 | D:7      | Found a runed translucent door.
  6261 | D:7      | Noticed enile's ghost (novice GnWn)
  6590 | D:7      | Noticed a troll
  6599 | D:7      | Killed a troll
  6907 | D:7      | Killed enile's ghost
  7029 | D:8      | Noticed Psyche
  7029 | D:8      | Noticed Grum
  7036 | D:7      | Gained mutation: You have a pair of horns on your head.
                  | [demonic ancestry]
  7036 | D:7      | Reached XP level 10. HP: 75/77 MP: 8/10
  7130 | D:8      | Noticed Harold
  7141 | D:7      | Killed Psyche
  7169 | D:7      | Reached skill level 5 in Slings
  7184 | D:7      | Killed Harold
  7376 | D:8      | Killed Grum
  7408 | D:8      | Identified the ring of Bodily Harmony {rCorr Stlth+}
  7443 | D:8      | Noticed Erica
  7450 | D:8      | Killed Erica
  7451 | D:8      | Reached skill level 7 in Fighting
  7466 | D:8      | Noticed Joseph
  7478 | D:8      | Killed Joseph
  7685 | D:8      | Found a flagged portal.
  7698 | Bailey   | Entered a bailey
  7777 | Bailey   | Noticed an orc warlord
  7831 | Bailey   | Reached skill level 5 in Staves
  7889 | Bailey   | Found a runed translucent gate.
  7889 | Bailey   | Found a runed translucent gate.
  7889 | Bailey   | Found a runed translucent gate.
  8109 | Bailey   | Killed an orc warlord
  8110 | Bailey   | Gained mutation: Spells you cast may paralyse adjacent
                  | enemies. [demonic ancestry]
  8110 | Bailey   | Reached XP level 11. HP: 31/84 MP: 6/11
  8881 | D:9      | Reached skill level 5 in Evocations
  8918 | D:9      | Found Furimm's Antique Armour Shoppe.
  8926 | D:9      | Bought a distressingly furry chain mail for 294 gold pieces
  8926 | D:9      | Identified the +1 chain mail of Uphi {Dex+3 Stlth+} (You
                  | bought it in a shop on level 9 of the Dungeon)
  9119 | D:9      | Noticed Prince Ribbit
  9129 | D:9      | Killed Prince Ribbit
  9236 | D:9      | You fall into a shaft and drop 1 floor!
  9236 | D:10     | Entered Level 10 of the Dungeon
  9236 | D:10     | Noticed Sonja
 10182 | D:10     | Killed Sonja
 10189 | D:10     | Acquired the +8 chain mail of Ornamental Freedom {rN++}
 10232 | D:10     | Reached skill level 8 in Fighting
 10533 | D:10     | Found a shadowy altar of Dithmenos.
 11008 | D:11     | Noticed a two-headed ogre
 11011 | D:11     | Killed a two-headed ogre
 11239 | D:11     | Noticed a seven-headed hydra
 11245 | D:11     | Reached XP level 12. HP: 94/94 MP: 12/12
 11258 | D:11     | Killed a seven-headed hydra
 11378 | D:11     | Found a staircase to the Lair.
 12058 | Lair:1   | Entered Level 1 of the Lair of Beasts
 12412 | Lair:1   | Noticed a six-headed hydra
 12418 | Lair:1   | Killed a six-headed hydra
 12566 | Lair:1   | Noticed a boulder beetle
 12575 | Lair:1   | Killed a boulder beetle
 13035 | Lair:2   | Reached skill level 9 in Fighting
 13374 | Lair:2   | Noticed a seven-headed hydra
 13378 | Lair:2   | Killed a seven-headed hydra
 13473 | Lair:2   | Noticed a five-headed hydra
 13481 | Lair:2   | Killed a five-headed hydra
 13530 | Lair:2   | Noticed a death yak
 13536 | Lair:2   | Noticed a death yak
 13551 | Lair:2   | Killed a death yak
 13562 | Lair:2   | Killed a death yak
 13889 | Lair:2   | Gained mutation: You are mostly covered in molten scales.
                  | (AC +3) [demonic ancestry]
 13889 | Lair:2   | Reached XP level 13. HP: 91/101 MP: 11/13
 14839 | Lair:3   | Found a staircase to the Swamp.
 15125 | Lair:3   | Found a gate leading to a gauntlet.
 15134 | Gauntlet | Entered a Gauntlet
 15134 | Gauntlet | Found a transporter.
 15134 | Gauntlet | Found a transporter.
 15307 | Gauntlet | Found a transporter.
 15311 | Gauntlet | Found a transporter.
 15323 | Gauntlet | Found a transporter.
 15325 | Gauntlet | Found a transporter.
 15335 | Gauntlet | Found a transporter.
 15356 | Gauntlet | Found a transporter.
 15362 | Gauntlet | Found a transporter.
 15385 | Gauntlet | Found a transporter.
 15385 | Gauntlet | Found a transporter.
 15429 | Gauntlet | Found a transporter.
 15655 | Gauntlet | Identified the +1 bardiche "Isotakh" {venom, Int+7 Dex+4}
 15874 | Gauntlet | Noticed a minotaur
 15899 | Gauntlet | Killed a minotaur
 15900 | Gauntlet | Reached skill level 10 in Fighting
 16099 | Lair:3   | Found a large runed translucent door.
 16101 | Lair:3   | Found a large runed translucent door.
 16104 | Lair:3   | Noticed Smuffin's ghost (journeyman HOWz)
 16143 | Lair:3   | Noticed Urug
 16163 | Lair:3   | Killed Urug
 16323 | Lair:3   | Found a staircase to the Snake Pit.
 16726 | Lair:3   | You fall into a shaft and drop 1 floor!
 18004 | Lair:4   | Found a transporter.
 18007 | Lair:4   | Found a transporter.
 18007 | Lair:4   | Noticed knot's ghost (journeyman DsBe)
 19003 | Lair:4   | Gained mutation: Spells you cast may paralyse nearby
                  | enemies. [demonic ancestry]
 19003 | Lair:4   | Reached XP level 14. HP: 91/111 MP: 12/14
 19260 | Lair:5   | Noticed Wanecan's ghost (journeyman HuBe)
 19388 | Lair:5   | Found a transporter.
 19388 | Lair:5   | Found a transporter.
 19402 | Lair:5   | Found a bloodstained altar of Trog.
 19840 | Lair:5   | Reached skill level 10 in Dodging
 20126 | Lair:6   | Entered Level 6 of the Lair of Beasts
 21231 | Lair:6   | Found the brooch of Shielding {Spirit SH+8}
 21327 | Lair:6   | Found a staircase to the Slime Pits.
 21370 | Lair:6   | Reached skill level 10 in Armour
 21474 | Lair:6   | Reached skill level 11 in Fighting
 22390 | Lair:6   | Reached skill level 10 in Slings
 23530 | Lair:3   | Killed Smuffin's ghost
 23531 | Lair:3   | Reached skill level 10 in Evocations
 23807 | Lair:4   | Killed knot's ghost
 23956 | Lair:5   | Killed Wanecan's ghost
 24606 | Lair:5   | Gained mutation: You have a pair of large horns on your
                  | head. [demonic ancestry]
 24606 | Lair:5   | Reached XP level 15. HP: 65/119 MP: 1/15
 25212 | D:1      | Bought 29 sling bullets for 145 gold pieces
 26103 | D:12     | Found a staircase to the Orcish Mines.
 26284 | D:12     | Found a hazy altar of Hepliaklqana.
 26665 | Orc:1    | Entered Level 1 of the Orcish Mines
 26920 | Orc:2    | Entered Level 2 of the Orcish Mines
 26946 | Orc:2    | Found a large runed translucent door.
 26946 | Orc:2    | Found a large runed translucent door.
 26949 | Orc:2    | Noticed sbbq2022's ghost (journeyman HuMo)
 27405 | Orc:2    | Found a staircase to the Elven Halls.
 27415 | Orc:2    | Found Gelluege's Antique Armour Shoppe.
 27428 | Orc:2    | Noticed Saint Roka
 27887 | Orc:1    | Killed Saint Roka
 27888 | Orc:1    | Reached skill level 5 in Axes
 29316 | Orc:2    | Found Mimnealo's Jewellery Shop.
 29319 | Orc:2    | Found Igytog's Antique Weapon Shop.
 29320 | Orc:2    | Found Jeots's Book Shop.
 29321 | Orc:2    | Found Duyxker's Book Boutique.
 29465 | Orc:2    | Killed sbbq2022's ghost
 29466 | Orc:2    | Reached skill level 12 in Fighting
 29591 | Orc:1    | Paralysed by an orc sorcerer for 5 turns
 29981 | D:12     | Bought a scroll of identify for 50 gold pieces
 29982 | D:12     | Bought a faintly glowing morningstar for 225 gold pieces
 29982 | D:12     | Identified the +9 morningstar "Gram" {drain, rN+ Int+3}
                  | (You bought it in a shop on level 12 of the Dungeon)
 29986 | D:12     | Bought a pair of glowing gloves for 187 gold pieces
 29986 | D:12     | Bought the +2 cloak of the Thief {*Fog Slay-2 SInv Stlth+}
                  | for 502 gold pieces
 29986 | D:12     | Found the +2 cloak of the Thief {*Fog Slay-2 SInv Stlth+}
 30014 | D:12     | Bought a scroll of teleportation for 45 gold pieces
 30197 | D:13     | Found a stormy altar of Qazlal.
 30516 | D:13     | Noticed Jorgrun
 30542 | D:13     | Killed Jorgrun
 30592 | D:13     | Reached skill level 5 in Shields
 30781 | D:13     | Found a gate to the Vaults.
 30870 | D:12     | Bought the +18 shield of the Gong {rElec rN+ Will+ EV-5}
                  | for 3016 gold pieces
 30870 | D:12     | Found the +18 shield of the Gong {rElec rN+ Will+ EV-5}
 31059 | D:14     | Found a frozen archway.
 31067 | IceCv    | Entered an ice cave
 31140 | IceCv    | Gained mutation: You are completely covered in molten
                  | scales. (AC +4, rF+) [demonic ancestry]
 31140 | IceCv    | Reached XP level 16. HP: 127/127 MP: 16/16
 32503 | D:14     | Noticed Agnes
 32518 | D:14     | Noticed Nessos
 32978 | D:14     | Killed Agnes
 32988 | D:14     | Killed Nessos
 33210 | D:14     | Noticed Azrael
 33231 | D:14     | Killed Azrael
 33810 | D:14     | Found an opulent altar of Gozag.
 33916 | D:15     | Entered Level 15 of the Dungeon
 34083 | D:15     | Found Ottugueseg's Magic Scroll Boutique.
 34119 | D:15     | Reached skill level 13 in Fighting
 34181 | D:15     | Bought a scroll of brand weapon for 260 gold pieces
 34181 | D:15     | Bought a scroll of noise for 13 gold pieces
 34181 | D:15     | Bought a scroll of torment for 97 gold pieces
 34181 | D:15     | Bought a scroll of teleportation for 39 gold pieces
 34181 | D:15     | Bought a scroll of teleportation for 39 gold pieces
 34181 | D:15     | Bought a scroll of teleportation for 39 gold pieces
 34181 | D:15     | Bought a scroll of fear for 45 gold pieces
 34181 | D:15     | Bought a scroll of fear for 45 gold pieces
 34346 | D:15     | Bought a scroll of brand weapon for 260 gold pieces
 34394 | D:15     | Noticed Josephine
 34411 | D:15     | Killed Josephine
 34737 | D:15     | Found a staircase to the Depths.
 34933 | Elf:1    | Entered Level 1 of the Elven Halls
 35000 | Elf:1    | Paralysed by an air elemental for 1 turns
 35055 | Elf:1    | Reached XP level 17. HP: 115/137 MP: 15/17
 36071 | Elf:2    | Found Uskuod's Assorted Antiques.
 36728 | Elf:2    | Found a runed translucent gate.
 36729 | Elf:2    | Found a runed translucent gate.
 36729 | Elf:2    | Found a runed translucent gate.
 37369 | Elf:2    | Noticed an Ice Fiend
 38214 | D:12     | Bought 19 stones for 28 gold pieces
 38214 | D:12     | Bought 12 stones for 18 gold pieces
 38793 | Elf:2    | Killed an Ice Fiend
 39498 | Elf:3    | Entered Level 3 of the Elven Halls
 39739 | Elf:3    | Noticed a deep elf master archer
 39744 | Elf:3    | Noticed a deep elf master archer
 39752 | Elf:3    | Paralysed by an air elemental for 1 turns
 39764 | Elf:3    | Killed a deep elf master archer
 39773 | Elf:3    | Killed a deep elf master archer
 40197 | Elf:3    | Found Zuasm's Magic Scroll Emporium.
 40274 | Elf:3    | Noticed a deep elf blademaster
 40308 | Elf:3    | Killed a deep elf blademaster
 40604 | Elf:3    | Noticed a deep elf master archer
 40627 | Elf:3    | Killed a deep elf master archer
 40649 | Elf:3    | Reached skill level 14 in Fighting
 40773 | Elf:3    | Noticed a deep elf blademaster
 40818 | Elf:3    | Killed a deep elf blademaster
 40999 | Elf:3    | Noticed a deep elf blademaster
 41019 | Elf:3    | Killed a deep elf blademaster
 41116 | Elf:3    | Bought a scroll of identify for 28 gold pieces
 41116 | Elf:3    | Bought a scroll of identify for 28 gold pieces
 41116 | Elf:3    | Bought a scroll of amnesia for 49 gold pieces
 41187 | Elf:3    | Identified the amulet of the Pharaoh's Fist {RegenMP rF+}
 41187 | Elf:3    | Identified the +9 dire flail of Imbalance {vamp, rC+}
 41201 | Elf:3    | Noticed a Hell Sentinel
 41202 | Elf:3    | Noticed a Brimstone Fiend
 41202 | Elf:3    | Cast into level 2 of the Abyss (a deep elf sorcerer)
 41333 | Abyss:2  | Paralysed by accursed screaming for 1 turns
 41741 | Elf:3    | Escaped the Abyss
 41743 | Elf:3    | Noticed a Tzitzimitl
 41759 | Elf:3    | Noticed a Brimstone Fiend
 41763 | Elf:3    | Noticed a Brimstone Fiend
 41773 | Elf:3    | Cast into level 2 of the Abyss (a deep elf sorcerer)
 42250 | Elf:3    | Escaped the Abyss
 42265 | Elf:3    | HP: 6/139 [deep elf sorcerer/damnation (20)]
 42295 | Elf:3    | Noticed a Tzitzimitl
 42311 | Elf:3    | HP: 6/139 [balrug/divine providence[a deep elf
                  | demonologist] (10)]
 42475 | Elf:3    | Noticed a Tzitzimitl
 42497 | Elf:3    | Noticed a Brimstone Fiend
 42513 | Elf:3    | Killed from afar by a hellion

Illustrated notes

Levels and vault maps discovered:
D:1:      shiori_arrival_elements, layout_rooms, shapermc_ecumenical_altar_gd,
          serial_shops, nicolae_shop_bloodbath_and_beyond, minivault_19,
          chequers_mini_garden, chequers_serial_rivers_micro_b
D:2:      layout_basic, basic_altar
D:3:      layout_rooms, due_unseen_surprise, uniq_jessica
D:4:      layout_rooms, lemuel_mausoleum_altar_yredelemnul,
          minmay_temple_entry_poolview
D:5:      layout_basic, minmay_ruined_shrine, uniq_blork_the_orc
D:6:      layout_rooms, led_sif_pool
D:7:      minmay_inner_zag, layout_loops_corners, gammafunk_ghost_grave,
          chequers_avenue, uniq_crazy_yiuf_cottage, uniq_maggie
D:8:      lemuel_slime, layout_layer_cave, enter_bailey_2,
          grunt_decor_resistance, uniq_psyche, uniq_harold, uniq_grum,
          uniq_erica, uniq_joseph
D:9:      layout_stronghold, serial_shops,
          nicolae_shop_competitors_out_of_business, uniq_prince_ribbit1
D:10:     layout_big_octagon, kennysheep_mini_moat, zin_statuary,
          serial_column_ruins, column_ruins_corridor_dead_end,
          column_ruins_open_tiny, column_ruins_open_small, uniq_sonja
D:11:     layout_irregular_city, david_lair_shrubbed, minmay_rotating_lava
D:12:     layout_roguey, orc_0_dummy, nicolae_hepliaklqana_hazy_memory
D:13:     layout_rooms, skrybe_vaults_entry_preservation,
          nicolae_qazlal_scattered_showers, uniq_jorgrun
D:14:     layout_cave_pools, nicolae_lava_and_water,
          portal_ice_cave_entry_ice_statue_one, serial_bayou_pond_d,
          nicolae_gozag_seed_capital, uniq_azrael, uniq_agnes, uniq_nessos
D:15:     hangedman_depths_entry_try_elsewhere_first, layout_rooms,
          serial_shops, shop, uniq_josephine
Temple:   mainiacjoe_temple_coin_purse
Lair:1:   layout_hall_layers, roderic_batcave, nzn_sisyphean_effort,
          grunt_megastairs_1
Lair:2:   nzn_winding_woodlands_stair_trap [nzn_winding_woodlands_5x15_jagged,
          nzn_winding_woodlands_5x15_sawtooth,
          nzn_winding_woodlands_5x15_pockets,
          nzn_winding_woodlands_15x15_killbox,
          nzn_winding_woodlands_5x15_sidewinder,
          nzn_winding_woodlands_5x15_crooked,
          nzn_winding_woodlands_5x15_concentric], layout_hall_layers
Lair:3:   dpeg_oklob_gauntlet, layout_loops_ring, swamp_mist_pool,
          minmay_snake_entry_guardpost_small, gauntlet_entry_generic,
          ebering_ghost_disaster_area, uniq_urug
Lair:4:   hellmonk_warped_wall, layout_cave_pods, gammafunk_ghost_arena
Lair:5:   layout_gridlike, gammafunk_ghost_wrathful_warriors, st_stairs_9
Lair:6:   hangedman_lair_in_review, layout_cave_pods, slime_dummy
Orc:1:    layout_diamond_mine
Orc:2:    st_orc_pillars, layout_caves, serial_shops, shop,
          ebering_ghost_disaster_area, uniq_saint_roka
Elf:1:    elf_arrival_001, layout_gridlike, hangedman_elf_disciples,
          grunt_ministairs_5, roderic_lattice_octagonal_star
Elf:2:    nicolae_elf_blades_crystal_corner, layout_gridlike, serial_shops,
          nicolae_lakefront_shop
Elf:3:    minmay_elf_hall_not_hex, layout_loops_corners, serial_shops, shop,
          ebering_dispersal_statue_hall, nicolae_elf_martial_mastery

Skill      XL: |  1  2  3  4  5  6  7  8  9 10 11 12 13 14 15 16 17 |
---------------+----------------------------------------------------+-----
Throwing       | 2 |  2.8
Axes           | 3 4 6 7 9 |  9.1
Armour         | 1 2 3 4 5 6 7 8 9 10 11 12 13 | 13.0
Dodging        | 3 4 5 6 7 8 9 10 11 12 13 | 13.2
Shields        | 1 2 3 5 6 8 |  8.5
Fighting       | 3 4 5 6 7 8 9 10 11 12 13 14 | 14.1
Slings         | 1 2 3 4 5 7 8 9 10 11 | 11.8
Staves         | 2 3 5 6 7 8 9 |  9.8
Evocations     | 3 4 6 7 8 10 | 10.8

Action                   |  1- 3 |  4- 6 |  7- 9 | 10-12 | 13-15 | 16-18 || total
-------------------------+-------+-------+-------+-------+-------+-------++-------
Melee: War axe           |    40 |       |       |       |   284 |   330 ||   654
       Hand axe          |    42 |    84 |     7 |       |       |       ||   133
       Headbutt          |       |    10 |    10 |    50 |   349 |   218 ||   637
       Quarterstaff      |       |       |    43 |   157 |   866 |       ||  1066
       Unarmed           |       |       |       |    13 |       |       ||    13
       Broad axe         |       |       |       |       |    39 |   462 ||   501
 Fire: Hunting sling     |       |    37 |   219 |   533 |   610 |   837 ||  2236
Throw: Dart              |     1 |     3 |       |     1 |     7 |     3 ||    15
       Throwing net      |       |     1 |       |     5 |     2 |       ||     8
       Javelin           |       |       |       |       |     4 |     1 ||     5
Invok: Call Merchant     |       |       |       |       |     4 |       ||     4
       Potion Petition   |       |       |       |       |       |     2 ||     2
Evoke: Wand              |       |       |       |     6 |     5 |     7 ||    18
       Lightning rod     |       |       |       |       |       |     1 ||     1
  Use: Scroll            |       |       |       |    12 |    14 |    32 ||    58
       Potion            |       |       |       |       |     4 |    14 ||    18
 Stab: Sleeping          |     1 |       |       |       |       |       ||     1
       Invisible         |       |     1 |       |       |       |       ||     1
       Distracted        |       |       |       |     2 |    11 |     4 ||    17
       Held in net/web   |       |       |       |     1 |       |       ||     1
Armor: Leather armour    |     7 |       |       |       |       |       ||     7
       Ring mail         |    16 |    30 |    52 |    37 |       |       ||   135
       Skin              |       |       |       |     2 |       |       ||     2
       Chain mail        |       |       |       |   130 |   968 |   378 ||  1476
Dodge: Dodged            |    56 |    62 |    71 |   238 |   893 |   277 ||  1597
Block: Buckler           |    13 |    17 |     3 |       |       |       ||    33
       Other             |       |       |       |       |    98 |       ||    98
       Kite shield       |       |       |       |       |   503 |  1991 ||  2494
       Orb               |       |       |       |       |     4 |       ||     4

Table legend: (Time is in decaauts)
 A = Elapsed time spent in this place.
 B = Non-inter-level travel time spent in this place.
 C = Inter-level travel time spent in this place.
 D = Time resting spent in this place.
 E = Time spent auto-exploring this place.
 F = Levels seen in this place.
 G = Mean time per level.
                   A        B        C        D        E       F      G
               +--------+--------+--------+--------+--------+-----+--------+
         Total |  42412 |  39111 |   3301 |   4099 |  26368 |  32 | 1325.4 |
       Dungeon |  16857 |  14613 |   2244 |    975 |  10480 |  15 | 1123.8 |
        Temple |     18 |      9 |      9 |      0 |      0 |   1 |   18.0 |
          Lair |  11820 |  11306 |    514 |    784 |   8427 |   6 | 1970.0 |
  Orcish Mines |   3383 |   3142 |    241 |    419 |   1946 |   2 | 1691.5 |
   Elven Halls |   6287 |   5997 |    290 |    955 |   3806 |   3 | 2095.7 |
         Abyss |   1071 |   1071 |      0 |    580 |     30 |   2 |  535.5 |
        Bailey |    675 |    675 |      0 |      0 |    498 |   1 |  675.0 |
      Ice Cave |   1411 |   1411 |      0 |    237 |    673 |   1 | 1411.0 |
      Gauntlet |    886 |    886 |      0 |    147 |    506 |   1 |  886.0 |
               +--------+--------+--------+--------+--------+-----+--------+

Top non-repeatable levels by time:
  Lair:6: 3191 daAuts
   Elf:2: 2590 daAuts
  Lair:3: 2179 daAuts
   Orc:2: 2132 daAuts
     D:7: 2118 daAuts
  Lair:5: 1929 daAuts
   Elf:3: 1923 daAuts
  Lair:4: 1797 daAuts
   Elf:1: 1773 daAuts
  Lair:2: 1761 daAuts
    D:11: 1711 daAuts
     D:9: 1461 daAuts
    D:13: 1434 daAuts
   IceCv: 1411 daAuts
   Orc:1: 1251 daAuts
